 Dungeon Crawl Stone Soup version 0.28-a0-1130-gc51a68064b (webtiles) character file.

Game seed: 922312552884964814

739 Gwenloh the Ducker (level 7, 0/33 HPs)
             Began as a Felid Transmuter on Dec 13, 2021.
             Killed from afar by a steam dragon (26 damage)
             ... with a ball of steam
             ... on level 6 of the Dungeon.
             The game lasted 00:18:40 (8868 turns).

Gwenloh the Ducker (Felid Transmuter)               Turns: 8868, Time: 00:18:41

Health: 0/33       AC:  2    Str:  6    XL:     7   Next: 46%
Magic:  7/11       EV: 21    Int: 17    God:
Gold:   241        SH:  0    Dex: 16    Spells: 0/10 levels left
                                        Lives:  0   Deaths: 2

rFire   . . .      SeeInvis +     - Unarmed
rCold   . . .      Faith    .   (shield unavailable)
rNeg    . . .      Spirit   .   (armour unavailable)
rPois   .          Reflect  .   (helmet unavailable)
rElec   .          Harm     .   (cloak unavailable)
rCorr   .          Rampage  .   (gloves unavailable)
Will    +....                   (boots unavailable)
Stlth   +.........              e - amulet of magic regeneration
HPRegen 0.11/turn               (no ring)
MPRegen 0.52/turn               (no ring)

@: very slightly contaminated, quick
A: very small, claws 1, fangs 3, see invisible, speed 1, shaggy fur 2, stealthy
paws, no weapons or thrown items, no armour, multi-lived
a: no special abilities


You were on level 6 of the Dungeon.
You visited 1 branch of the dungeon, and saw 6 of its levels.

You collected 241 gold pieces.

Inventory:

Jewellery
 e - an amulet of magic regeneration (around neck)
Scrolls
 a - 3 scrolls of noise
 b - 7 scrolls of identify {unknown}
 f - a scroll of teleportation {unknown}
 g - a scroll of immolation {unknown}
 h - a scroll of vulnerability {unknown}
 j - a scroll of magic mapping {unknown}
Potions
 c - a potion of curing {unknown}
 d - a potion of magic {unknown}
 i - a potion of mutation {unknown}
 k - a potion of attraction {unknown}
 l - a potion of flight {unknown}
 m - a potion of lignification {unknown}
 n - a potion of brilliance


   Skills:
 + Level 5.0 Fighting
 + Level 7.2 Dodging
 + Level 5.8 Unarmed Combat
 - Level 2.0 Spellcasting
 + Level 6.0 Transmutations


You couldn't memorise any spells.
You knew the following spells:

 Your Spells              Type           Power      Damage    Failure   Level
a - Beastly Appendage     Tmut           44%        N/A       1%          1
b - Wereblood             Tmut           22%        N/A       2%          2
c - Spider Form           Tmut/Pois      11%        N/A       17%         3
d - Ice Form              Ice/Tmut       11%        N/A       50%         4

Your spell library contained the following spells:

 Spells                   Type           Power      Damage    Failure   Level
 Sting                    Tmut/Pois      44%        1d5       5%          1
 Slow                     Hex            4%         N/A       19%         1
 Poisonous Vapours        Pois/Air       2%         N/A       28%         2
 Confusing Touch          Hex            1%         N/A       50%         3
 Yara's Violent Unravell  Hex/Tmut       5%         3d4       83%         5
 Olgreb's Toxic Radiance  Pois           1%         N/A       88%         4


Dungeon Overview and Level Annotations

Branches:
Dungeon (6/15)
 Temple: D:4-7

Altars:
Cheibriados
Kikubaaqudgha
Okawaru
Sif Muna

Annotations:
D:5 2 transporters, trm's ghost, novice OpCj


Innate Abilities, Weirdness & Mutations

You have sharp claws.
You have razor-sharp teeth.
You have supernaturally acute eyesight. (SInv)
You cover ground quickly. (Speed+)
You are covered in thick fur. (AC +2)
Your paws help you pounce on unaware monsters.
You are incapable of wielding weapons or throwing items.
You cannot wear armour.
You gain extra lives every three experience levels.


Message History

The killer bee zombie hits you.
You claw the killer bee zombie!
You destroy the killer bee zombie!
Your Transmutations skill increases to level 6!
No target in view!
HP restored.
You now have 232 gold pieces (gained 17).
Your transformation is almost over.
Your horns disappear.
You now have 241 gold pieces (gained 9).
b - 7 scrolls labelled LAWNARPH UK USK (gained 1)
Found a stone staircase leading down.
A steam dragon comes into view.
The steam dragon hisses angrily.
Casting: Beastly Appendage (safe; 1% risk of failure)
Confirm with . or Enter, or press ? or * to list all spells.
The spell is potentially lethal to miscast (50% risk of failure)!
Continue anyway?
Okay, then.
Casting: Ice Form (potentially lethal; 50% risk of failure)
Confirm with . or Enter, or press ? or * to list all spells.
The spell is quite dangerous to miscast (17% risk of failure)!
Continue anyway?
You miscast Spider Form.
You are very lightly contaminated with residual magic.
Nothing appears to happen.
Casting: Spider Form (quite dangerous; 17% risk of failure)
Confirm with . or Enter, or press ? or * to list all spells.
The spell is quite dangerous to miscast (17% risk of failure)!
Continue anyway?
You miscast Spider Form.
Nothing appears to happen.
The steam dragon breathes steam at you. The ball of steam misses you.
You hear a shout!
You are engulfed in a cloud of scalding steam.
Casting: Spider Form (quite dangerous; 17% risk of failure)
Confirm with . or Enter, or press ? or * to list all spells.
The spell is quite dangerous to miscast (17% risk of failure)!
Continue anyway?
You miscast Spider Form.
Nothing appears to happen.
The steam dragon breathes steam at you. The ball of steam hits you!!
Ouch! That really hurt!
You die...

######## #......#
###.####.##
#.........######
#.#.##.........#
#.#...@#..####.#######
##.#..#§#..# #.......#
#......§...# #######.#
#......D...# #.#
#.###..##### #.#
#>##...# #.## #.##.#.#
#... #.##.#.# ###.
#......# ####.


There were no monsters in sight!

Vanquished Creatures
  A steam dragon (D:5)
  A sky beast (D:5)
  2 ogres
  A phantom (D:4)
  A gnoll sergeant (D:4)
  3 scorpions
  A water moccasin zombie (D:4)
  A jelly (D:5)
  An orc priest (D:4)
  3 iguanas
  3 orc wizards (D:4)
  A killer bee zombie (D:6)
  15 gnolls
  9 adders
  An ufetubus (D:5)
  3 worms
  4 dart slugs
  13 orcs
  6 ball pythons
  4 bats
  6 endoplasms
  4 giant cockroaches
  12 goblins
  11 hobgoblins
  3 jackals
  5 quokkas
  2 frilled lizards
  6 kobolds
123 creatures vanquished.

Vanquished Creatures (others)
  2 fungi (D:1)
  9 plants (D:1)
11 creatures vanquished.

Grand Total: 134 creatures vanquished

Notes
Turn   | Place    | Note
-------+----------+-------------------------------------------
     0 | D:1      | Gwenloh the Felid Transmuter began the quest for the Orb.
     0 | D:1      | Reached XP level 1. HP: 9/9 MP: 4/4
   458 | D:1      | Reached skill level 3 in Dodging
   681 | D:1      | Reached XP level 2. HP: 3/12 MP: 4/6
  1062 | D:1      | Reached XP level 3. HP: 12/15 MP: 5/7
  1065 | D:1      | Learned a level 2 spell: Wereblood
  1160 | D:1      | Found a faded altar of an unknown god.
  2109 | D:2      | Learned a level 3 spell: Spider Form
  2995 | D:2      | Reached XP level 4. HP: 17/19 MP: 8/8
  3573 | D:3      | Reached skill level 4 in Dodging
  3912 | D:2      | Reached XP level 5. HP: 9/23 MP: 9/9
  4707 | D:4      | Found a snail-covered altar of Cheibriados.
  4900 | D:4      | Noticed an ogre
  5105 | D:4      | Gained mutation: You are covered in thick fur. (AC +2)
                  | [Felid growth]
  5105 | D:4      | Reached XP level 6. HP: 28/28 MP: 10/10
  5134 | D:4      | Reached skill level 5 in Dodging
  5395 | D:4      | Found an iron altar of Okawaru.
  5658 | D:4      | Reached XP level 7. HP: 13/31 MP: 11/11
  5928 | D:4      | Learned a level 4 spell: Ice Form
  6715 | D:4      | Reached skill level 6 in Dodging
  6715 | D:4      | Reached skill level 5 in Unarmed Combat
  6718 | D:4      | Reached skill level 5 in Transmutations
  6992 | D:5      | Entered Level 5 of the Dungeon
  7020 | D:5      | Succumbed to a scorpion's poison
  7021 | D:5      | Reached XP level 6. HP: 0/28 MP: 10/10
  7099 | D:5      | Noticed a steam dragon
  7180 | D:5      | Killed from afar by a steam dragon
  7181 | D:5      | Reached XP level 5. HP: -11/25 MP: 9/9
  7232 | D:5      | Reached XP level 6. HP: 19/29 MP: 10/10
  7462 | D:5      | Found an ancient bone altar of Kikubaaqudgha.
  7745 | D:5      | Noticed a sky beast
  7748 | D:5      | Found a transporter.
  7759 | D:5      | Killed a sky beast
  7798 | D:5      | Found a transporter.
  7805 | D:5      | Reached XP level 7. HP: 5/33 MP: 11/11
  8455 | D:5      | Killed a steam dragon
  8456 | D:5      | Reached skill level 5 in Fighting
  8456 | D:5      | Reached skill level 7 in Dodging
  8576 | D:5      | Noticed trm's ghost (novice OpCj)
  8743 | D:6      | Found a shimmering blue altar of Sif Muna.
  8853 | D:6      | Noticed a steam dragon
  8868 | D:6      | Killed from afar by a steam dragon

Illustrated notes

Levels and vault maps discovered:
D:1:      dpeg_arrival_signposts, layout_basic,
          shapermc_ecumenical_altar_hornbeckon
D:2:      layout_basic
D:3:      cheibrodos_greedy_goblins, layout_basic
D:4:      layout_basic, slow_altar_1, okawaru_altar_gauntlet_db
D:5:      layout_loops_ring, nicolae_kikubaaqudgha_miasma_corner,
          gammafunk_ghost_hive
D:6:      layout_loops_cross, nicolae_xom_altar_mimics,
          lemuel_mausoleum_altar_yredelemnul, lemuel_blue_sif_altar,
          minmay_temple_entry_glassed_door

Skill      XL: |  1  2  3  4  5  6  7 |
---------------+----------------------+-----
Dodging        | 3 4 5 7 |  7.2
Transmutations | 3 4 6 |  6.0
Fighting       | 2 3 5 |  5.0
Unarmed Combat | 4 5 |  5.8
Spellcasting   | |  2.0

Action                   |  1- 3 |  4- 6 |  7- 9 || total
-------------------------+-------+-------+-------++-------
Melee: Unarmed           |   101 |   227 |    89 ||   417
       Headbutt          |    15 |    27 |     6 ||    48
       Bite              |    10 |    16 |     1 ||    27
       Punch             |       |     2 |     1 ||     3
 Cast: Beastly Appendage |    25 |    35 |     6 ||    66
       Wereblood         |     2 |     7 |     2 ||    11
       Spider Form       |       |     7 |     6 ||    13
       Ice Form          |       |       |     1 ||     1
  Use: Scroll            |       |     1 |       ||     1
       Potion            |       |       |     1 ||     1
 Stab: Sleeping          |       |     2 |     1 ||     3
Armor: Skin              |     3 |     8 |     7 ||    18
Dodge: Dodged            |    73 |   168 |    84 ||   325

Table legend: (Time is in decaauts)
 A = Elapsed time spent in this place.
 B = Non-inter-level travel time spent in this place.
 C = Inter-level travel time spent in this place.
 D = Time resting spent in this place.
 E = Time spent auto-exploring this place.
 F = Levels seen in this place.
 G = Mean time per level.
                   A        B        C        D        E       F      G
               +--------+--------+--------+--------+--------+-----+--------+
         Total |   8028 |   7796 |    232 |    459 |   6055 |   6 | 1338.0 |
       Dungeon |   8028 |   7796 |    232 |    459 |   6055 |   6 | 1338.0 |
               +--------+--------+--------+--------+--------+-----+--------+

Top non-repeatable levels by time:
     D:4: 1988 daAuts
     D:1: 1617 daAuts
     D:3: 1545 daAuts
     D:2: 1371 daAuts
     D:5: 1332 daAuts
     D:6: 174 daAuts
